 Dungeon Crawl Stone Soup version 0.25.1-9-gc5326a611f (webtiles) character file.

Game seed: 13638160390022203748

29316 GameOver the Lord of Darkness (level 13, 109/109 HPs)
             Began as a Naga Wizard on Oct 14, 2020.
             Was the Champion of Kikubaaqudgha.
             Got out of the dungeon alive.
             The game lasted 02:30:47 (12274 turns).

GameOver the Lord of Darkness (Naga Wizard)        Turns: 12274, Time: 02:30:48

Health: 109/109    AC:  8    Str:  9    XL:     13   Next: 44%
Magic:  34/34      EV: 10    Int: 29    God:    Kikubaaqudgha [******]
Gold:   772        SH:  7    Dex: 14    Spells: 5/28 levels left

rFire    + . .     SeeInvis +   w - +9 flail of Noon {vorpal, rN+ Dex+3}
rCold    + . .     Gourm    .   h - +2 buckler
rNeg     + + .     Faith    .   J - +1 robe {rN+}
rPois    +         Spirit   .   b - +0 hat
rElec    .         Reflect  .   A - scarf {rC+ rF+}
rCorr    .         Harm     .   v - +0 pair of gloves
MR       +....                  (no barding)
Stlth    ++++......             O - amulet of regeneration
HPRegen  0.68/turn              l - +6 ring of intelligence
MPRegen  0.24/turn              z - ring of magical power

@: very slow
A: large, see invisible, deformed body, poison resistance, slowness 2, slow
metabolism 1, spit poison 1, constrict 1, AC +4
a: Spit Poison, Receive Corpses, Torment, Brand Weapon With Pain, Receive
Necronomicon, Renounce Religion


You escaped.
You worshipped Kikubaaqudgha.
Kikubaaqudgha was exalted by your worship.
You were not hungry.

You visited 3 branches of the dungeon, and saw 16 of its levels.

You collected 967 gold pieces.
You spent 195 gold pieces at shops.

Inventory:

Hand Weapons
 s - a +3 spear
 w - the +9 flail of Noon (weapon) {vorpal, rN+ Dex+3}
   (You found it on level 5 of the Lair of Beasts)

   It inflicts extra damage upon your enemies.
   It affects your dexterity (+3).
   It protects you from negative energy.
 K - the +12 flail of Burnt Resourcefulness {drain, *Slow rN+ Dex+7}
   (You found it on level 4 of the Lair of Beasts)

   A truly terrible weapon, it drains the life of those it strikes.
   It affects your dexterity (+7).
   It protects you from negative energy.
   It may slow you when you take damage.
 W - a +4 demon whip
Missiles
 L - 3 throwing nets (quivered)
Armour
 b - a +0 hat (worn)
 h - a +2 buckler (worn)
 t - +0 swamp dragon scales
 v - a +0 pair of gloves (worn)
 A - a scarf of resistance (worn)
 F - a +1 leather armour of poison resistance
 J - a +1 robe of positive energy (worn)
Magical Staves
 E - an uncursed staff of energy
Jewellery
 l - a +6 ring of intelligence (left hand)
 p - an uncursed ring of protection from fire
 z - a ring of magical power (right hand)
 O - an amulet of regeneration (around neck)
 T - an uncursed ring of ice
Wands
 g - a wand of random effects (23)
 u - a wand of polymorph (9)
 C - a wand of flame (24)
 H - a wand of enslavement (7)
 M - a wand of digging (7)
Scrolls
 a - a scroll of vulnerability
 e - a scroll of magic mapping
 i - 8 scrolls of remove curse
 o - 2 scrolls of teleportation
 y - 2 scrolls of enchant armour
 P - a scroll of random uselessness
 Q - a scroll of blinking
 R - a scroll of torment
 X - a scroll of amnesia
 Y - a scroll of fog
Potions
 c - 2 potions of invisibility {unknown}
 f - a potion of berserk rage {unknown}
 k - 4 potions of brilliance
 m - a potion of magic
 n - 2 potions of resistance
 r - a potion of ambrosia
 x - 2 potions of haste
 B - 4 potions of heal wounds
 D - a potion of stabbing
 I - a potion of degeneration {unknown}
 N - 2 potions of flight
 V - a potion of curing
Miscellaneous
 Z - a phial of floods
Comestibles
 d - 35 rations


   Skills:
 - Level 5.0 Fighting
   Level 6.0 Long Blades
 * Level 5.4 Maces & Flails
 - Level 5.0 Armour
 - Level 1.5 Dodging
 - Level 9.0 Stealth
 - Level 3.0 Shields
 + Level 8.2 Spellcasting
 - Level 6.0 Conjurations
 - Level 5.0 Charms
   Level 1.0 Summonings
 + Level 10.7 Necromancy
 - Level 3.0 Translocations
 - Level 3.0 Fire Magic
 - Level 9.0 Poison Magic
 - Level 5.0 Evocations


You had 5 spell levels left.
You knew the following spells:

 Your Spells              Type           Power        Failure   Level  Hunger
b - Blink                 Tloc           N/A          1%          2    None
c - Dispel Undead         Necr           ######..     1%          4    #......
d - Mephitic Cloud        Conj/Pois/Air  #####...     1%          3    None
f - Conjure Flame         Conj/Fire      #####...     2%          3    None
q - Animate Dead          Necr           N/A          1%          4    #......
C - Excruciating Wounds   Chrm/Necr      ######....   4%          5    ####...
Z - Sublimation of Blood  Necr           ######....   1%          2    None

Your spell library contained the following spells:

 Spells                   Type           Power        Failure   Level  Hunger
 Animate Skeleton         Necr           N/A          1%          1    None
 Magic Dart               Conj           ####         1%          1    None
 Pain                     Necr           ####         1%          1    None
 Corpse Rot               Necr/Air       N/A          1%          2    None
 Vampiric Draining        Necr           ######....   1%          3    None
 Agony                    Necr           ######..     1%          5    ####...
 Call Imp                 Summ           ###.....     4%          2    None
 Slow                     Hex            ##......     7%          2    None
 Iskenderun's Battlesphe  Conj/Chrm      #####...     13%         5    ####...
 Borgnjor's Vile Clutch   Necr/Erth      #####.....   14%         5    ####...
 Bolt of Magma            Conj/Fire/Erth ####......   36%         5    ####...
 Death Channel            Necr           ######....   9%          6    ######.
 Iron Shot                Conj/Erth      ####......   90%         6    ######.
 Orb of Destruction       Conj           #####.....   97%         7    #######
 Spellforged Servitor     Conj/Summ      ####......   100%        7    #######


Dungeon Overview and Level Annotations

Branches:
Dungeon (9/15)             Temple (1/1) D:4            Lair (6/6) D:9
 Shoals (0/4) Lair:3        Snake (0/4) Lair:3        Slime (0/5) Lair:5
    Orc (0/2) D:9

Altars:
Dithmenos
Elyvilon
Fedhas
Gozag
Kikubaaqudgha
Okawaru
Wu Jian
Yredelemnul
Jiyva

Shops:
D:6 [

Annotations:
D:9 1 runed translucent door
Lair:2 3 runed translucent doors


Innate Abilities, Weirdness & Mutations

You cannot wear boots.
Your serpentine skin is tough. (AC +4)
You have supernaturally acute eyesight. (SInv)
Armour fits poorly on your strangely shaped body.
Your system is resistant to poisons. (rPois)
You cover ground very slowly.
You have a slow metabolism.
You can spit poison.
You can use your snake-like lower body to constrict enemies.


Message History

There is a stone staircase leading down here.
There is a stone staircase leading up here.
You climb upwards.
There is a stone staircase leading down here.
There is a stone staircase leading up here.
You climb upwards.
There is a stone staircase leading down here.
There is a stone staircase leading up here.
There is a stone staircase leading up here.
You climb upwards.
There is a stone staircase leading down here.
You see here a hand axe.
There is a stone staircase leading up here.
You climb upwards.
There is a stone staircase leading down here.
You enter the shallow water.
Moving in this stuff is going to be slow.
There is a staircase leading out of the dungeon here.
Are you sure you want to leave the Dungeon?
This will make you lose the game!
You have escaped!

..........................##...##
..#####..#######.#######..##...##
..# #....####...####....##...##
..# ##.....#..≈..#.....###...##
..# #8..≈....≈....≈..8# #...##
..# ##...≈..≈≈≈..≈...## #...##
..# ##.....≈≈≈≈≈≈≈.....###...+.
..# #....≈≈≈≈...≈≈≈≈....##...##
### #..≈≈≈≈≈..@..≈≈≈≈≈..#......
#....≈≈≈≈...≈≈≈≈....#...... ##
##.....≈≈≈≈≈≈≈.....##...... .#
##...≈..≈≈≈..≈...###...... .#
#8..≈....≈....≈..8###.#.## .#
##.....#..≈..#.....###.#... .####
#....####...####........... ....#
#..### ##.## ###...###### ....#
#### #..# #.....[..#


There were no monsters in sight!

Vanquished Creatures
  Erolcha (D:9)
  4 hydras
  A two-headed ogre (D:7)
  A queen ant (Lair:3)
  A death yak (Lair:5)
  An oklob plant (Lair:5)
  2 cyclopes
  3 merfolk sirens (Lair:3)
  A black mamba (Lair:2)
  4 spiny frogs
  Psyche (D:9)
  Maggie (D:9)
  5 komodo dragons
  2 rime drakes
  2 meliai (Lair:5)
  A troll (D:9)
  A merfolk (Lair:3)
  A queen bee (Lair:5)
  Grinder (D:4)
  5 blink frogs (Lair:2)
  2 hippogriffs
  A spriggan (D:9)
  9 yaks
  A basilisk (Lair:2)
  3 hungry ghosts (D:9)
  A two-headed ogre zombie (D:9)
  8 soldier ants (Lair:3)
  4 porcupines
  7 water moccasins
  2 ice beasts
  2 phantoms
  7 ogres
  3 black bears (D:9)
  18 wolves
  5 centaurs
  9 crocodiles
  3 big kobolds
  11 bullfrogs
  3 scorpions
  2 troll zombies (D:9)
  24 killer bees
  5 howler monkeys
  9 wights
  An electric eel (Lair:3)
  5 crimson imps
  2 quasits
  3 jellies
  3 orc priests
  5 hounds
  An iguana (D:9)
  Natasha (thrice) (D:2)
  9 orc wizards
  14 worker ants
  2 killer bee zombies (D:9)
  5 ogre zombies (D:9)
  2 hound zombies
  A hound skeleton (D:5)
  2 howler monkey zombies
  A howler monkey skeleton (D:7)
  12 adders
  3 shadow imps
  4 oozes
  2 adder zombies
  4 adder skeletons
  5 worms
  7 leopard geckos
  16 orcs
  14 bats
  5 giant cockroaches
  5 goblins
  6 hobgoblins
  9 jackals
  3 quokkas
  4 frilled lizards
  A giant cockroach zombie (D:5)
  2 goblin skeletons (D:9)
  4 goblin zombies (D:9)
  2 hobgoblin skeletons (D:9)
  3 hobgoblin zombies (D:9)
  A jackal skeleton (D:7)
  13 kobolds
  5 orc skeletons (D:9)
  8 orc zombies (D:9)
  3 quokka skeletons
  8 rats
  A fungus (Lair:2)
387 creatures vanquished.

Vanquished Creatures (collateral kills)
  Harold (Lair:1)
  A catoblepas (Lair:3)
  A death yak (Lair:5)
  3 oklob plants (Lair:5)
  3 elephants (Lair:5)
  A black mamba (Lair:2)
  A guardian serpent (Lair:3)
  2 rime drakes (Lair:5)
  A meliai (Lair:5)
  A wyvern (Lair:5)
  12 soldier ants (Lair:3)
  A porcupine (Lair:5)
  4 crocodiles
  3 bullfrogs
  13 killer bees
  A howler monkey (D:9)
  11 worker ants (Lair:3)
  A hell rat (Lair:5)
  2 plants (Lair:5)
63 creatures vanquished.

Vanquished Creatures (others)
  A killer bee (Lair:5)
  An electric eel (D:6)
  47 fungi
  53 plants
102 creatures vanquished.

Grand Total: 552 creatures vanquished

Notes
Turn   | Place    | Note
-------+----------+-------------------------------------------
     0 | D:1      | GameOver the Naga Wizard began the quest for the Orb.
     0 | D:1      | Reached XP level 1. HP: 15/15 MP: 4/4
   150 | D:1      | Reached XP level 2. HP: 18/22 MP: 1/6
   537 | D:1      | Reached XP level 3. HP: 28/28 MP: 4/7
   565 | D:1      | Learned a level 2 spell: Blink
   569 | D:1      | Learned a level 3 spell: Mephitic Cloud
   773 | D:2      | Noticed Natasha
   779 | D:2      | Killed Natasha
   779 | D:2      | Reached skill level 1 in Poison Magic
   826 | D:2      | Reached XP level 4. HP: 27/36 MP: 0/8
   840 | D:2      | Found a blossoming altar of Fedhas.
   909 | D:2      | Noticed Natasha
   925 | D:2      | Killed Natasha
   947 | D:2      | Reached XP level 5. HP: 17/42 MP: 1/9
   955 | D:2      | Noticed Natasha
   959 | D:2      | Killed Natasha
  1536 | D:3      | Learned a level 3 spell: Conjure Flame
  2127 | D:4      | Reached skill level 5 in Conjurations
  2127 | D:4      | Reached XP level 6. HP: 39/49 MP: 6/10
  2213 | D:4      | Noticed a phantom
  2288 | D:4      | Killed a phantom
  2376 | D:4      | Noticed Grinder
  2390 | D:4      | Reached XP level 7. HP: 41/55 MP: 9/11
  2673 | D:4      | Killed Grinder
  2673 | D:4      | Reached skill level 1 in Fire Magic
  2673 | D:4      | Reached skill level 5 in Poison Magic
  2675 | D:4      | Found a staircase to the Ecumenical Temple.
  2684 | Temple   | Entered the Ecumenical Temple
  2689 | Temple   | Became a worshipper of Kikubaaqudgha
  2965 | D:5      | Entered Level 5 of the Dungeon
  3051 | D:5      | Reached XP level 8. HP: 59/62 MP: 12/12
  3068 | D:5      | Reached skill level 5 in Stealth
  3080 | D:5      | Reached skill level 1 in Necromancy
  3289 | D:5      | Found an ornate altar of the Wu Jian Council.
  3370 | D:5      | Reached skill level 2 in Necromancy
  3863 | D:6      | Reached skill level 3 in Necromancy
  4032 | D:6      | Reached * piety under Kikubaaqudgha
  4032 | D:6      | Identified Kikubaaqudgha's Incunabulum of Necromancy
                  | (Kikubaaqudgha gifted it to you on level 6 of the Dungeon)
  4032 | D:6      | Received a gift from Kikubaaqudgha
  4044 | D:6      | Learned a level 2 spell: Sublimation of Blood
  4052 | D:6      | Found Relal's Antique Armour Emporium.
  4067 | D:6      | Reached XP level 9. HP: 68/68 MP: 12/13
  4077 | D:6      | Bought a shiny buckler for 195 gold pieces
  4421 | D:6      | Reached skill level 1 in Shields
  4756 | D:7      | Reached skill level 4 in Necromancy
  4808 | D:7      | Noticed a two-headed ogre
  4823 | D:7      | Killed a two-headed ogre
  4936 | D:7      | Reached skill level 5 in Necromancy
  5092 | D:7      | Reached ** piety under Kikubaaqudgha
  5248 | D:7      | Noticed a cyclops
  5270 | D:7      | Killed a cyclops
  5270 | D:7      | Reached skill level 6 in Necromancy
  5270 | D:7      | Reached XP level 10. HP: 51/75 MP: 13/14
  5584 | D:8      | Reached skill level 1 in Armour
  5584 | D:8      | Reached skill level 7 in Necromancy
  6152 | D:9      | Noticed Maggie
  6227 | D:9      | Reached skill level 1 in Evocations
  6241 | D:9      | Noticed Erolcha
  6267 | D:9      | Killed Erolcha
  6332 | D:9      | Noticed Psyche
  6344 | D:9      | Killed Psyche
  6816 | D:9      | Reached *** piety under Kikubaaqudgha
  6816 | D:9      | Identified Kikubaaqudgha's Collected Works on Necromancy
                  | (Kikubaaqudgha gifted it to you on level 9 of the Dungeon)
  6816 | D:9      | Received a gift from Kikubaaqudgha
  6827 | D:9      | Learned a level 4 spell: Dispel Undead
  6838 | D:9      | Reached skill level 8 in Necromancy
  6861 | D:9      | Reached XP level 11. HP: 35/81 MP: 11/18
  6963 | D:9      | Reached skill level 5 in Spellcasting
  7030 | D:9      | Killed Maggie
  7141 | D:9      | Found a runed translucent door.
  7141 | D:9      | Noticed a cyclops
  7142 | D:9      | Noticed a fire dragon
  7161 | D:9      | Killed a cyclops
  7161 | D:9      | Reached skill level 5 in Evocations
  7255 | D:9      | Reached **** piety under Kikubaaqudgha
  7256 | D:9      | Found a staircase to the Lair.
  7266 | D:9      | Learned a level 4 spell: Animate Dead
  7365 | D:9      | Reached skill level 1 in Long Blades
  7386 | D:9      | Found a staircase to the Orcish Mines.
  7751 | Lair:1   | Entered Level 1 of the Lair of Beasts
  7852 | Lair:1   | Noticed Harold
  8334 | Lair:1   | Killed Harold
  8334 | Lair:1   | Reached skill level 9 in Necromancy
  8655 | Lair:2   | Found a runed translucent gate.
  8655 | Lair:2   | Found a runed translucent gate.
  8655 | Lair:2   | Found a runed translucent gate.
  8712 | Lair:2   | Noticed an ice dragon
  9127 | Lair:3   | You fall into a shaft and drop 3 floors!
  9127 | Lair:6   | Entered Level 6 of the Lair of Beasts
  9191 | Lair:6   | Reached skill level 5 in Armour
  9191 | Lair:6   | Reached XP level 12. HP: 49/88 MP: 21/21
  9212 | Lair:6   | Learned a level 5 spell: Excruciating Wounds
  9241 | Lair:5   | Noticed an eight-headed hydra
  9243 | Lair:5   | Reached skill level 5 in Long Blades
  9252 | Lair:5   | Killed a six-headed hydra
  9252 | Lair:5   | Reached skill level 1 in Fighting
  9252 | Lair:5   | Reached skill level 1 in Charms
  9285 | Lair:5   | Noticed an eight-headed hydra
  9302 | Lair:5   | Killed a seven-headed hydra
  9348 | Lair:5   | Noticed an eight-headed hydra
  9366 | Lair:5   | Killed a five-headed hydra
  9472 | Lair:5   | Reached ***** piety under Kikubaaqudgha
  9600 | Lair:5   | HP: 3/96 [meliai/+0 war axe (3)]
  9715 | Lair:5   | Got a fine flail
  9718 | Lair:5   | Found a staircase to the Slime Pits.
  9718 | Lair:5   | Found a viscous altar of Jiyva.
  9821 | Lair:3   | HP: 1/96 [guardian serpent (11)]
  9846 | Lair:3   | Identified the +9 flail of Noon {vorpal, rN+ Dex+3} (You
                  | found it on level 5 of the Lair of Beasts)
  9862 | Lair:3   | Found a staircase to the Snake Pit.
  9888 | Lair:3   | Noticed a queen ant
  9942 | Lair:3   | Reached skill level 1 in Maces & Flails
  9942 | Lair:3   | Reached skill level 5 in Charms
  9956 | Lair:3   | Reached skill level 10 in Necromancy
  9986 | Lair:3   | Killed a queen ant
 10109 | Lair:3   | Noticed a catoblepas
 10131 | Lair:3   | Killed a catoblepas
 10151 | Lair:3   | Gained mutation: You can use your snake-like lower body to
                  | constrict enemies. [Naga growth]
 10151 | Lair:3   | Reached XP level 13. HP: 37/105 MP: 15/24
 10215 | Lair:3   | Found a staircase to the Shoals.
 10841 | Lair:4   | Got an ancient flail
 10897 | Lair:4   | Identified the +12 flail of Burnt Resourcefulness {drain,
                  | *Slow rN+ Dex+7} (You found it on level 4 of the Lair of
                  | Beasts)
 11554 | Lair:5   | Reached ****** piety under Kikubaaqudgha
 11673 | Lair:5   | Reached skill level 5 in Fighting
 11829 | Lair:5   | Reached skill level 5 in Maces & Flails
 11952 | Lair:6   | Upgraded the game from 0.25.1-2-g60ff931df9 to
                  | 0.25.1-8-g42b30a86e7
 11964 | Lair:5   | Upgraded the game from 0.25.1-8-g42b30a86e7 to
                  | 0.25.1-9-gc5326a611f
 12274 | D:$      | Got out of the dungeon alive.

Illustrated notes

Levels and vault maps discovered:
D:1:      eino_arrival_water_star, layout_basic, serial_glass, glass_columns_a,
          glass_columns_a, glass_columns_b, glass_columns_c
D:2:      layout_rooms, fedhas_altar_1, uniq_natasha
D:3:      wad_pebble_path, layout_loops_ring
D:4:      layout_loops_ring, temple_hall, first_ration, uniq_grinder
D:5:      layout_loops_ring, lemuel_doored_altar
D:6:      layout_basic, serial_shops, shop_fountains, serial_bayou_lagoon_a
D:7:      layout_basic
D:8:      layout_basic
D:9:      layout_loops_ring, due_lair_maze_entry_diamond, zombieorc2_lemuel,
          the_bakery, minivault_13, uniq_erolcha, uniq_maggie, uniq_psyche
Temple:   nicolae_temple_the_god_donut
Lair:1:   layout_cave_pods, chequers_serial_rivers_room_a, grunt_megastairs_2,
          uniq_harold
Lair:2:   layout_loops_ring, gammafunk_ghost_icy, grunt_megastairs_5
Lair:3:   layout_cave_pods, elwin_shoals_entry_stream,
          minmay_snake_entry_spellcaster, minivault_29, serial_bayou_shore_b,
          infiniplex_staircase_pool
Lair:4:   layout_misc_corridors, nicolae_quartered_pool_super,
          serial_bayou_shore_b
Lair:5:   regret_index_harrowing_hell_hive, layout_hall_layers, slime_altar_1,
          grunt_megastairs_3, minmay_lair_oklob_chamber
Lair:6:   due_jungle_book, layout_regular_city, chequers_serial_rivers_small_b

Skill      XL: |  1  2  3  4  5  6  7  8  9 10 11 12 13 |
---------------+----------------------------------------+-----
Conjurations   | 2 3 4 5 6 |  6.0
Poison Magic   | 1 2 3 4 5 7 9 |  9.0
Stealth        | 4 7 9 |  9.0
Translocations | 2 3 |  3.0
Fire Magic     | 2 3 |  3.0
Necromancy     | 3 6 8 9 10 | 10.7
Shields        | 3 |  3.0
Armour         | 3 5 |  5.0
Evocations     | 3 5 |  5.0
Spellcasting   | 4 6 7 8 |  8.2
Long Blades    | 4 6 |  6.0
Fighting       | 4 5 |  5.0
Charms         | 5 |  5.0
Maces & Flails | 2 5 |  5.4
Dodging        | |  1.5
Summonings     | |  1.0

Action                   |  1- 3 |  4- 6 |  7- 9 | 10-12 | 13-15 || total
-------------------------+-------+-------+-------+-------+-------++-------
Melee: Dagger            |     5 |    51 |   105 |    73 |       ||   234
       Flail             |       |       |     3 |     5 |    62 ||    70
       Scimitar          |       |       |       |   294 |     9 ||   303
       Trident           |       |       |       |    11 |       ||    11
       Spear             |       |       |       |     2 |       ||     2
       Constrict         |       |       |       |       |    26 ||    26
       Demon whip        |       |       |       |       |    10 ||    10
 Cast: Magic Dart        |    41 |    90 |   173 |   186 |       ||   490
       Blink             |       |     1 |     5 |    31 |       ||    37
       Mephitic Cloud    |       |     1 |    23 |    88 |    22 ||   134
       Conjure Flame     |       |       |     9 |    32 |     3 ||    44
       Dispel Undead     |       |       |       |     9 |       ||     9
       Animate Dead      |       |       |       |    19 |     9 ||    28
       Excruciating Woun |       |       |       |     7 |     1 ||     8
Invok: Receive Corpses   |       |       |       |       |     2 ||     2
 Abil: Spit Poison       |    17 |    47 |    68 |   113 |    27 ||   272
Evoke: Wand              |       |       |     2 |     6 |     3 ||    11
  Use: Scroll            |     2 |     4 |     4 |    10 |     6 ||    26
       Potion            |       |     3 |     2 |     5 |       ||    10
 Stab: Confused          |       |     1 |     6 |    31 |    12 ||    50
       Distracted        |       |       |     2 |     1 |     1 ||     4
       Sleeping          |       |       |     3 |     2 |       ||     5
  Eat: Chunk             |       |     7 |    15 |    24 |     9 ||    55
       Ration            |       |       |       |     1 |       ||     1
Armor: Robe              |     3 |    22 |    33 |    84 |     9 ||   151
       Skin              |       |       |       |    18 |       ||    18
Dodge: Dodged            |     9 |    45 |    59 |   176 |    26 ||   315
Block: Buckler           |       |       |    17 |   120 |    21 ||   158
       Rpst.: Scimitar   |       |       |       |    40 |       ||    40
